AoeStats
← Brohio

Arena

508774448Analyzed
2v2 RM · 10d ago on Sep 24, 2026· 29m 1s· 4 players
Game mode
Random Map
Map size
Medium (4 player)
Population
200
Speed
Normal
Resources
Standard
Victory
Conquest
Starting age
Dark Age
Ending age
Imperial Age
RankedLock teamsTeams togetherTeam positionsShared explorationLock speedFull tech treeHidden civsTurbo modeCheats
Victory
Defeat
🇺🇸 Teutons · United States
1679
+13
🇧🇷 Britons · Brazil
1672
+13
🇺🇸 Saxons · United States
1639
-15
🇺🇸 Varangians · United States
1570
-11
Ethan
9:13 Loom
10:58 Feudal Age
16:46 Castle Age
Brohio
10:14 Feudal Age
14:03 Castle Age
14:07 Light Cavalry
14:52 Double-Bit Axe
15:36 Horse Collar
17:45 Bow Saw
19:00 Heavy Plow
21:20 Scale Barding Armor
22:45 Bloodlines
22:39 Husbandry
24:21 Padded Archer Armor
25:41 Elite Skirmisher
27:02 Fletching
28:07 Wheelbarrow
29:34 Leather Archer Armor
29:14 Bodkin Arrow
29:27 Bodkin Arrow
MeLoveXbox
6:06 Loom
8:21 Feudal Age
9:04 Double-Bit Axe
10:57 Fletching
17:24 Wheelbarrow
19:13 Forging
25:17 Castle Age
24:09 Bloodlines
24:32 Scale Barding Armor
24:45 Horse Collar
26:10 Bow Saw
wEEBER
10:52 Feudal Age
11:27 Double-Bit Axe
11:35 Horse Collar
14:25 Castle Age
15:31 Bow Saw
21:39 Loom
21:17 Pikeman
22:32 Gold Mining
24:11 Wheelbarrow
23:22 Town Watch
24:03 Fletching
25:32 Bodkin Arrow
29:12 Imperial Age
26:58 Padded Archer Armor
27:14 Scale Mail Armor
28:14 Ballistics
28:04 Masonry
29:35 Hand Cart
30:00 Yeomen
Connection lost

Rejoining the realm…

Still unreachable

The connection could not be restored.

Session expired

The server has moved on; the page needs a fresh start.